Cogmind - Beta 12 @@@ ROGUE MODE // 2023.09.05 @ 13:21:55 Player: Matt Result: Destroyed by Y-45 Defender with Heavy Assault Rifle Performance ------------- Evolutions (1) 500 Regions Visited (2) 400 Robots Destroyed (21) 105 Value Destroyed (437) 437 Prototype IDs (1) 20 Alien Tech Used (0) 0 Bonus (2) 2 TOTAL SCORE: 1464 Bonus ------- High Alert Combat Kills 2 Cogmind --------- Core Integrity 0/400 Matter 53/300 Energy 100/100 System Corruption 2% Temperature Cool (27) Movement Core (50) Location -9/Materials Parts ------- > --- POWER (2) -------- (None) > --- PROPULSION (3) --- (None) > --- UTILITY (2) ------ Terrain Scan Processor > --- WEAPON (2) ------- (None) > --- INVENTORY (5) ---- (None) Peak State ------------ > --- POWER ------------ (None) > --- PROPULSION ------- Aluminum Leg Improved Hover Unit > --- UTILITY ---------- Weight Redist. System Terrain Scan Processor > --- WEAPON ----------- Shotgun Shotgun > --- INVENTORY -------- Small Laser Beam Rifle [Rating: 11] Favorites ----------- Power Ion Engine Engine Ion Engine Propulsion Aluminum Leg Treads Light Treads Leg Aluminum Leg Wheel Wheel Hover Unit Improved Hover Unit Utility Terrain Scanner Device Terrain Scanner Storage Small Storage Unit Processor Terrain Scan Processor Protection Light Armor Plating Weapon Small Laser Energy Gun Small Laser Energy Cannon Beam Cannon Ballistic Gun Assault Rifle Launcher Grenade Launcher Special Weapon Mining Laser Special Melee Weapon Datajack Build | -11 -10 -9 ------- Run | Jun Mat Mat Slots Evolved 2 | . . 2 Power 1 | . . 1 Propulsion 1 | . . 1 Utility . | . . . Weapon . | . . . Parts Attached 35 | 20 10 5 Power 4 | 4 . . Engine 4 | 4 . . Core . | . . . Reactor . | . . . Propulsion 9 | 8 . 1 Treads 1 | 1 . . Leg 2 | 2 . . Wheel 5 | 5 . . Hover 1 | . . 1 Flight . | . . . Utility 10 | 5 5 . Device 5 | 3 2 . Storage 3 | 2 1 . Processor 1 | . 1 . Hackware . | . . . Protection 1 | . 1 . Artifact . | . . . Weapon 12 | 3 5 4 Energy Gun 3 | 1 1 1 Energy Cannon 1 | . 1 . Ballistic Gun 5 | 1 1 3 Ballistic Cannon . | . . . Launcher 1 | . 1 . Special Weapon 1 | 1 . . Impact Weapon . | . . . Slashing Weapon . | . . . Piercing Weapon . | . . . Special Melee Weapon 1 | . 1 . Unidentified Prototypes 1 | . . 1 Parts Lost 5 | . 2 3 Power 1 | . 1 . Propulsion 2 | . 1 1 Utility 1 | . . 1 Weapon 1 | . . 1 Highest Loss Streak 3 | . 2 3 To Critical Strikes . | . . . Average Slot Usage (%) 81 | . 89 46 Engine 8 | . 10 . Leg 20 | . 24 4 Hover 1 | . . 5 Device 10 | . 11 8 Storage 11 | . 14 . Processor 2 | . . 11 Protection 1 | . 2 . Energy Gun 13 | . 14 8 Energy Cannon 6 | . 7 . Ballistic Gun 2 | . . 9 Launcher 1 | . 2 . Naked Turns . | . . . Heaviest Build 50 | 14 50 6 Greatest Support 26 | 26 20 16 Greatest Overweight (x) 4 | . 4 . Average Overweight (x) . | . 1 . Largest Inventory Capacity 20 | 8 20 5 Average Capacity 11 | 6 14 5 Most Carried 8 | 5 8 3 Average Carried 3 | 2 5 . Final Capacity 8 | 8 5 5 Final Carried 5 | 5 . . Class Distribution -------------------- 100% | Mutant Dominant Class ---------------- Mutant | -10/Materials Mutant | -9/Materials Resources | -11 -10 -9 ----------- Run | Jun Mat Mat Matter Collected 467 | 318 149 . Remotely 199 | 199 . . Salvage Created 446 | 134 312 . Parts 36 | 14 22 . Haulers Intercepted . | . . . Recyclers Shooed 2 | . 2 . Parts Field Recycled . | . . . Retrieved Matter . | . . . Parts Self-Destructed . | . . . Prevented . | . . . Kills | -11 -10 -9 ------- Run | Jun Mat Mat Combat Hostiles Destroyed 10 | . 10 . Guns 3 | . 3 . Cannons 2 | . 2 . AOE 5 | . 5 . Classes Destroyed 8 | 3 5 . Worker 2 | 2 . . Builder 2 | . 2 . Tunneler 2 | 2 . . Recycler 2 | 1 1 . Mechanic 1 | . 1 . Watcher 2 | . 2 . Swarmer 3 | . 3 . Grunt 7 | . 7 . Best Kill Streak 11 | 2 11 . Combat Bots Only 5 | . 5 . Max Kills in Single Turn 2 | 1 2 . Gunslinging . | . . . Exploded 1 | . 1 . Melee . | . . . Uniques/NPCs Destroyed . | . . . Combat | -11 -10 -9 -------- Run | Jun Mat Mat Damage Taken 1124 | . 521 603 Core 489 | . 84 405 Absorbed by Shields . | . . . Core Remaining (%) 83 | 100 66 . Volleys Fired 67 | 12 52 3 Largest 2 | 2 2 2 Hottest 100 | 60 100 46 Shots Fired 84 | 24 55 5 Gun 57 | 24 28 5 Cannon 10 | . 10 . Launcher 17 | . 17 . Special . | . . . Kinetic 17 | 12 . 5 Thermal 50 | 12 38 . Explosive 17 | . 17 . Electromagnetic . | . . . Robot Hit Streak 3 | 3 3 2 Robot Miss Streak 3 | 2 3 2 Penetration Max . | . . . Secondary Targets . | . . . Shots Hit Robots 31 | 11 16 4 Core Hits 38 | 6 31 1 Critical Kills . | . . . Critical Parts Destroyed . | . . . Critical Strikes . | . . . Melee Attacks . | . . . Impact . | . . . Slashing . | . . . Piercing . | . . . Sneak Attacks . | . . . Combat Hostiles . | . . . Follow-up Attacks . | . . . Damage Inflicted 1342 | 141 1140 61 Guns 297 | 141 111 45 Cannons 70 | . 70 . Explosions 959 | . 959 . Melee . | . . . Ramming 16 | . . 16 Kinetic 119 | 74 . 45 Thermal 248 | 67 181 . Explosive 959 | . 959 . Electromagnetic . | . . . Impact . | . . . Slashing . | . . . Piercing . | . . . Highest Corruption 2 | . . 2 Average Corruption 2 | . . 2 Corruption Purged . | . . . Corruption Blocked . | . . . Effects 1 | . . 1 Message Errors 1 | . . 1 Overload Shots . | . . . Overflow Damage 34 | . 34 . Projectiles 15 | . 15 . Explosions 19 | . 19 . Melee . | . . . Knockbacks . | . . . Impact . | . . . Kinetic . | . . . Secondary . | . . . Self-Inflicted Damage 6 | . . 6 Shots . | . . . Rammed 10 | . . 10 Targets Rammed 10 | . . 10 Kicked . | . . . Crushed . | . . . Highest Temperature 152 | . 152 5 Average Temperature 77 | . 77 5 Received Heat Transfer 564 | . 219 345 Siege Activations . | . . . Robots Corrupted . | . . . Combat Hostiles . | . . . Parts Fried . | . . . Impact Corruptions . | . . . Robots Melted . | . . . Combat Hostiles . | . . . Parts Melted . | . . . Heat Transferred 548 | 150 398 . Parts Sabotaged . | . . . Parts Stolen . | . . . Parts Stripped . | . . . Power Chain Reactions . | . . . Missiles Intercepted . | . . . Alert | -11 -10 -9 ------- Run | Jun Mat Mat Peak Influence 418 | 25 418 106 Initial 91 | . 16 91 Average 177 | 9 269 92 Maximum Alert Level 2 | . 2 . Low Security (%) 53 | 100 22 100 Level 1 43 | . 71 . Level 2 3 | . 5 . Level 3 . | . . . Level 4 . | . . . Level 5 . | . . . High Security . | . . . Max Security . | . . . Squads Dispatched 1 | . 1 . Investigation 1 | . 1 . Extermination . | . . . Reinforcement . | . . . Assault . | . . . Garrison . | . . . Intercept . | . . . Searches Triggered . | . . . Construction Impeded . | . . . Haulers Reinforced . | . . . Active Scanning Responses . | . . . Cargo Convoy Interrupts . | . . . Stealth | -11 -10 -9 --------- Run | Jun Mat Mat Distress Signals 3 | . 2 1 Communications Jammed . | . . . Distress Signals . | . . . Times Spotted 17 | . 12 5 Peak Tracking Total 5 | . 5 5 Tactical Retreats . | . . . Traps | -11 -10 -9 ------- Run | Jun Mat Mat Traps Triggered 1 | . 1 . Indirectly . | . . . Trap Hack Attempts . | . . . Triggered . | . . . Disarmed . | . . . Reprogrammed . | . . . Reused . | . . . Traps Extracted . | . . . Installed . | . . . Triggered . | . . . Machines | -11 -10 -9 ---------- Run | Jun Mat Mat Machines Disabled 6 | . 6 . Max in Single Turn 3 | . 3 . Machines Repaired . | . . . Machines Sabotaged . | . . . Overloaded Fab Kills . | . . . Hacking | -11 -10 -9 --------- Run | Jun Mat Mat Machines Accessed 1 | . 1 . Terminals . | . . . Fabricators . | . . . Repair Stations . | . . . Recycling Units 1 | . 1 . Scanalyzers . | . . . Garrison Access . | . . . Total Hacks 6 | . 6 . Successful 4 | . 4 . Failed 2 | . 2 . Catastrophic 1 | . 1 . Database Lockouts . | . . . Manual . | . . . Terminals . | . . . Fabricators . | . . . Repair Stations . | . . . Recycling Units 6 | . 6 . Scanalyzers . | . . . Garrison Access . | . . . Terminal Hacks . | . . . Fabricator Hacks . | . . . Repair Station Hacks . | . . . Recycling Unit Hacks 4 | . 4 . Recycle Component 1 | . 1 . Process 2 | . 2 . Report Inventory 1 | . 1 . Scanalyzer . | . . . Garrison Access Hacks . | . . . Unauthorized Hacks . | . . . Terminals . | . . . Fabricators . | . . . Repair Stations . | . . . Recycling Units . | . . . Scanalyzers . | . . . Garrison Access . | . . . Data Cores Recovered . | . . . Used . | . . . Hacking Detections . | . . . Full Trace Events . | . . . Feedback Events . | . . . Feedback Blocked . | . . . Robot Schematics Acquired . | . . . Robots Built . | . . . Authchips . | . . . Time . | . . . Total Robot Build Rating . | . . . Part Schematics Acquired . | . . . Parts Built . | . . . Authchips . | . . . Time . | . . . Total Part Build Rating . | . . . Parts Repaired . | . . . Time . | . . . Parts Recycled 1 | . 1 . Recycled Matter 50 | . 50 . Retrieved Matter . | . . . Retrieved Components . | . . . Parts Scanalyzed . | . . . Part Schematics Acquired . | . . . Parts Damaged . | . . . Bothacking | -11 -10 -9 ------------ Run | Jun Mat Mat Used RIF Installer . | . . . Robots Hacked . | . . . Non-combat . | . . . Combat . | . . . Robot Hacks Applied . | . . . Relay Couplers Released . | . . . Fabnet Peak Effective % . | . . . Robots Rewired . | . . . Allies Hacked . | . . . Hacks Repelled . | . . . Allies | -11 -10 -9 -------- Run | Jun Mat Mat Total Allies . | . . . Largest Group . | . . . Highest-Rated Group . | . . . Highest-Rated Ally . | . . . Total Orders . | . . . Ally Attacks . | . . . Total Damage . | . . . Kills . | . . . Allies Corrupted . | . . . Allies Melted . | . . . Intel | -11 -10 -9 ------- Run | Jun Mat Mat Robot Analysis Total . | . . . Derelict Logs Recovered . | . . . Drone Launches . | . . . Drone Recoveries . | . . . Exploration | -11 -10 -9 ------------- Run | Jun Mat Mat Turns Passed 806 | 200 482 124 Spaces Moved 340 | 99 173 68 Core 5 | 5 . . Treads 11 | 11 . . Legs 283 | 80 173 30 Wheels 3 | 3 . . Hover 38 | . . 38 Flight . | . . . Fastest Speed 50 | 50 120 60 Average Speed 153 | 120 199 87 Slowest Speed 400 | 160 400 120 Overloaded Moves . | . . . Propulsion Burnouts . | . . . Robots Hopped . | . . . Cave-ins Triggered . | . . . Exploration Rate (%) 24 | 6 58 9 Regions Visited 2 Branch Regions . Pre-discovered Areas . | . . . Known Exits Taken . | . . . Unknown Exits Taken 2 | 1 1 . Scrap Searched . | . . . Spaces Dug . | . . . Terrain Destroyed 57 | . 57 . Melee . | . . . Projectile . | . . . AOE 57 | . 57 . Terrain Rammed . | . . . Walls Destroyed . | . . . Machines Disabled . | . . . Actions | -11 -10 -9 --------- Run | Jun Mat Mat Total 538 | 152 257 129 Wait 33 | . . 33 Move 338 | 98 172 68 Hop . | . . . Pick Up 31 | 17 10 4 Fast Attach . | . . . Attach 10 | 7 1 2 Detach 2 | . 1 1 Swap 25 | 13 9 3 Drop 22 | 5 12 5 Fire 67 | 12 52 3 Melee . | . . . Ram 10 | . . 10 Kick . | . . . Crush . | . . . Escape Stasis . | . . . Rewire . | . . . Trap . | . . . Miscellaneous . | . . . Route ------- -11/Junkyard -10/Materials (discovered 2 exits: [*Mat x2]) -9/Materials (discovered 1 exit: [*Min]) History --------- Turn | Location | Event 28 | -11/Junkyard | Discovered new exit (range 16) 201 | -11/Junkyard | Entered Materials 321 | -10/Materials | Build established: Mutant 324 | -10/Materials | Discovered new exit (range 15) 608 | -10/Materials | Discovered new exit (range 16) 683 | -10/Materials | Entered another Materials area 683 | -9/Materials | Evolved 2 slots: Power x1, Propulsion x1 769 | -9/Materials | Discovered new exit (range 12) 795 | -9/Materials | Core integrity fell below 50% 803 | -9/Materials | Core integrity fell below 20% 807 | -9/Materials | Destroyed by Y-45 Defender with Heavy Assault Rifle Last Messages --------------- 00776_ Weight Redist. System destroyed. 00777_ Slammed into G-47 Trooper. 00778_ Slammed into G-34 Mercenary. 00779_ W-16 Scout sends out distress signal. 00779_ Slammed into G-34 Mercenary. 00780_ Shotgun broken. 00780_ Destabilizing: Short circuit. 00781_ Slammed into G-34 Mercenary. 00785_ Imp. Hover Unit destroyed. 00787_ M|X|6GX| 00799_ G-34 Mercenary destroyed. 00804_ K-01 Serf collects debris. 00806_ G-47 Trooper destroyed. 00807_ K-01 Serf collects debris. 00807_ Critical hit (Burn: +37). [Achievement: First Step to Greatness] Map ----- +----------------------------------------------------+ | | | | | | | | | | | | | | | | | | | | | | | ?????????????????????????????????????????????????? | | ?????????????????????!???????????????????????????? | | ????????????????????? ???????????????????????????? | | ??????????????????#=! ??????????????????????????? | | ??????????????????# ??????????????????????????? | | ??????????????????# ??????????????????????????? | | ????????#?????????? "" ?????????????????????????? | | ??????? #???????????S"" ?????????????????????????? | | ??????" #????????????" ?????????????????????????? | | ????? #######?????###+###??????????????????????? | | #####+### ####### #?????????#????????????? | | ^ kTgY##### #????????????? | | [[ ^ ""%= < +????????????? | | = * ##### #????????????? | | #####+### ####### %@#??????????????????????? | | ??# ########?????#######??????????????????????? | | #?# #?????????????????????????????????????????? | | #?# #?????????????????????????????????????????? | | #?# #?????????????????????????????????????????? | | #?# #?????????????????????????????????????????? | | #?# #?????????????????????????????????????????? | | ##?# #?????????????????????????????????????????? | | ???#####?????????????????????????????????????????? | | ?????????????????????????????????????????????????? | | ?????????????????????????????????????????????????? | | ?????????????????????????????????????????????????? | | ?????????????????????????????????????????????????? | | ?????????????????????????????????????????????????? | | ?????????????????????????????????????????????????? | | ?????????????????????????????????????????????????? | | ?????????????????????????????????????????????????? | | ?????????????????????????????????????????????????? | | ?????????????????????????????????????????????????? | | ?????????????????????????????????????????????????? | | ?????????????????????????????????????????????????? | | ?????????????????????????????????????????????????? | | ?????????????????????????????????????????????????? | | ?????????????????????????????????????????????????? | | ?????????????????????????????????????????????????? | +----------------------------------------------------+ Best States ------------- Heat Dissipation 28 Energy Generation 10 Energy Capacity 250 Matter Stores 220 Matter Capacity 400 Sight Range 16 Terrain Scan Range 14 Terrain Scan Density 85 Additional Mass Support 6 Armor Coverage 150 Evasion (%) 55 Recoil Reduction 1 Item Schematics ----------------- None Robot Schematics ------------------ None Fabricated ------------ Nothing Alien Tech Used ----------------- None Achievements -------------- First Step to Greatness Oops Risk Taker Use The Force Challenges ------------ None Game ------ Seed SlugImprinterNanovents Manual? 0 Play Time 00:15:34 Cumulative 0.4 hours Start 2023.09.05 @ 13:08:12 End 2023.09.05 @ 13:21:55 Sessions 1 Manual Loads 0 Difficulty Rogue Special Mode None Game No. 1 Rogue 1 Adventurer 0 Explorer 0 Win Type - Total 0 Types 0/0/0/0/0/0/0/0/0 Lore% 0 Gallery% 3 Achievement% 1 Wizard Run 0 Options --------- ASCII 0 Keyboard 0 Movement Mouse Keybinds 0 Fullscreen 1 Font 24/Smallcaps Map View 76x50 Tactical HUD 1 Map Filters NONE Filters NONE Steam 1 RUN: 2269e3b0-6188-4f2e-a190-cc030d5b4889